 Dungeon Crawl Stone Soup version 0.29.1-1-gd02db6906a (webtiles) character file.

Game seed: 3525357602139089575

196 quakins the Chiller (level 5, -12/32 (35) HPs)
             Began as a Merfolk Ice Elementalist on Oct 14, 2022.
             Killed by divine providence
             ... invoked by an orc priest
              (16 damage)
             ... on level 4 of the Dungeon.
             The game lasted 00:06:18 (3302 turns).

quakins the Chiller (Merfolk Ice Elementalist)      Turns: 3302, Time: 00:06:19

HP:   -12/32 (35)   AC:  4    Str:  9    XL:     5   Next: 74%
MP:   11/11         EV: 12    Int: 16    God:
Gold: 131           SH:  0    Dex: 14    Spells: 5/12 levels left

rFire   . . .      SeeInvis .   k - +0 dagger (venom)
rCold   . . .      Faith    .   (no shield)
rNeg    . . .      Spirit   .   o - +0 leather armour
rPois   .          Reflect  .   e - +0 helmet
rElec   .          Harm     .   (no cloak)
rCorr   .          Rampage  .   (no gloves)
Will    .....                   (no boots)
Stlth   ++........              h - amulet of magic regeneration
HPRegen 0.10/turn               (no ring)
MPRegen 0.52/turn               (no ring)

@: drained
A: (nimble swimmer 2), mertail
a: no special abilities


You were on level 4 of the Dungeon.
You visited 1 branch of the dungeon, and saw 4 of its levels.

You collected 131 gold pieces.

Inventory:

Hand Weapons
 j - a +1 war axe of venom
 k - a +0 dagger of venom (weapon)
Armour
 a - a +0 robe
 e - a +0 helmet (worn)
 o - a +0 leather armour (worn)
Jewellery
 h - an amulet of magic regeneration (around neck)
 s - the amulet "Cybehur" {Harm *Slow Regen+ rCorr Str+4 Stlth+}
   (You found it on level 3 of the Dungeon)

   [amulet of regeneration]

   Str:       It affects your strength (+4).
   Regen:     It increases your rate of health regeneration.
   rCorr:     It protects you from acid and corrosion.
   *Slow:     It may slow you when you take damage.
   Harm:      It increases damage dealt and taken.
   Stlth:     It makes you more stealthy.
 u - a ring of resist corrosion
Scrolls
 c - a scroll of silence
 f - a scroll of butterflies
 g - a scroll of enchant armour {unknown}
 l - a scroll of teleportation {unknown}
 q - 3 scrolls of blinking {unknown}
 r - a scroll of fear
 t - a scroll of torment {unknown}
Potions
 b - a potion of magic
 d - a potion of heal wounds
 m - a potion of resistance {unknown}
 n - a potion of might {unknown}
 p - a potion of flight {unknown}


   Skills:
 - Level 2.6 Dodging
 - Level 2.1 Stealth
 - Level 4.0 Spellcasting
 + Level 6.1 Ice Magic


You had 5 spell levels left.
You knew the following spells:

 Your Spells              Type           Power      Damage    Failure   Level
a - Freeze                Ice            88%        1d10      1%          1
b - Frozen Ramparts       Ice            44%        1d7       6%          3
c - Ozocubu's Armour      Ice            22%        N/A       6%          3

Your spell library contained the following spells:

 Spells                   Type           Power      Damage    Failure   Level
 Hailstorm                Conj/Ice       13%        3d5       56%         4
 Metabolic Englaciation   Hex/Ice        6%         N/A       88%         5
 Petrify                  Tmut/Erth      3%         N/A       93%         4
 Statue Form              Tmut/Erth      2%         N/A       100%        6


Dungeon Overview and Level Annotations

Branches:
Dungeon (4/15)
 Temple: D:4-7

Altars:

Annotations:
D:3 2 transporters


Innate Abilities, Weirdness & Mutations

((You are very nimble when in or above water. (Stealth+, EV+, Speed+++)))
Your lower body shifts to a powerful aquatic tail in water.


Message History

There is a stone staircase leading up here.
You see here 7 stones.
Found 6 stones.
Found a ring mail.
An orc comes into view. It is wielding a +0 club.
The orc shouts!
A necrophage comes into view.
The necrophage misses you. The necrophage hits you.
The orc attacks as you move away! The orc misses you.
You hear the slow rusting of a very distant drain.
The necrophage hits you!
* * * LOW HITPOINT WARNING * * *
You feel drained.
* * * LOW HITPOINT WARNING * * *
As you read the scroll of fear, it crumbles to dust.
You assume a fearsome visage.
The orc looks frightened!
The orc shouts!
The orc looks frightened! x2; The necrophage is unaffected.
You hear a shout!
The necrophage closely misses you.
The necrophage attacks as you move away!
The necrophage hits you.
* * * LOW HITPOINT WARNING * * *
You feel drained.
* * * LOW HITPOINT WARNING * * *
The orc looks desperately for an escape route.
As you read the scroll of butterflies, it crumbles to dust.
You hear the tinkle of a tiny bell.
The necrophage barely misses you.
You swap places.
The orc priest hits your butterfly with a +0 flail.
Your butterfly dies!
Your butterfly disappears in a burst of colours!
You swap places.
The necrophage closely misses your butterfly.
The necrophage closely misses your butterfly.
The orc priest calls down the wrath of Beogh upon you.
Beogh smites you!
Ouch! That really hurt!
You die... # ## #### .## ..##...## ... #..#....###b# #...#..#... #.b#.b..# #..b..@# ...#...b# #bbbb#

#b..n#.8.o.8.#
#bbb.#...o...# #.
##b#.b#.......#
#.###.o...#.......#
#.#.......#.8...8.#
#......##.#.......#.#


You could see a necrophage (ally target) and an orc priest.

Vanquished Creatures
  A hound (D:3)
  4 adders
  4 gnolls (D:3)
  3 worms (D:2)
  2 dart slugs
  12 bats
  4 endoplasms
  5 giant cockroaches
  7 goblins
  6 hobgoblins
  2 jackals (D:1)
  3 kobolds
  4 quokkas
  9 ball pythons
  3 frilled lizards
  4 rats
73 creatures vanquished.

Notes
Turn   | Place    | Note
-------+----------+-------------------------------------------
     0 | D:1      | quakins the Merfolk Ice Elementalist began the quest for
                  | the Orb.
     0 | D:1      | Reached XP level 1. HP: 13/13 MP: 3/3
   489 | D:1      | Reached XP level 2. HP: 19/19 MP: 3/5
   930 | D:1      | Found a faded altar of an unknown god.
   965 | D:1      | Reached XP level 3. HP: 16/24 MP: 4/7
  1712 | D:2      | Learned a level 3 spell: Frozen Ramparts
  1716 | D:2      | Learned a level 3 spell: Ozocubu's Armour
  1927 | D:2      | Reached XP level 4. HP: 29/30 MP: 7/9
  2574 | D:3      | Reached skill level 5 in Ice Magic
  2574 | D:3      | Reached XP level 5. HP: 33/35 MP: 8/11
  2901 | D:3      | Identified the amulet "Cybehur" {Harm *Slow Regen+ rCorr
                  | Str+4 Stlth+}
  2985 | D:3      | Found a transporter.
  3000 | D:3      | Found a transporter.
  3026 | D:3      | Reached skill level 6 in Ice Magic
  3302 | D:4      | Killed from afar by an orc priest

Illustrated notes

Levels and vault maps discovered:
D:1:      dpeg_arrival_boxorama, layout_loops_cross,
          shapermc_ecumenical_altar_mp_vishouse
D:2:      layout_loops_cross
D:3:      gammafunk_steamed_eel, layout_basic, uniq_ijyb
D:4:      cheibrodos_pilgrimage, layout_rooms,
          mainiacjoe_overflow_six_doors_small,
          worldfamousw_hep_ancestral_shrine, gup_sewer_entry_glass

Skill      XL: |  1  2  3  4  5 |
---------------+----------------+-----
Spellcasting   | 3 4 |  4.0
Ice Magic      | 5 6 |  6.1
Dodging        | |  2.6
Stealth        | |  2.1

Action                   |  1- 3 |  4- 6 || total
-------------------------+-------+-------++-------
Melee: Unarmed           |     2 |       ||     2
       Short sword       |     4 |       ||     4
       Dagger            |     1 |     4 ||     5
       Punch             |     1 |       ||     1
 Cast: Freeze            |    61 |    56 ||   117
       Frozen Ramparts   |       |     2 ||     2
       Ozocubu's Armour  |       |     1 ||     1
  Use: Scroll            |       |     6 ||     6
Armor: Robe              |     6 |       ||     6
       Leather armour    |       |    12 ||    12
Dodge: Dodged            |    41 |    39 ||    80
